 Dungeon Crawl Stone Soup version 0.31-a0-217-g58bb5d79cf (webtiles) character file.

Game seed: 18435204303864243967

89 qw the Shooter (level 4, -6/36 HPs)
             Began as a Minotaur Hexslinger on July 2, 2023.
             Mangled by a steam dragon (7 damage)
             ... on level 6 of the Dungeon.
             The game lasted 00:00:35 (1787 turns).

qw the Shooter (Minotaur Hexslinger)                Turns: 1787, Time: 00:00:36

Health: -6/36      AC:  5    Str: 12    XL:     4   Next: 31%
Magic:  0/4        EV: 11    Int: 10    God:
Gold:   87         SH:  0    Dex: 15    Spells: 4/5 levels left

rFire   . . .        Y - +1 sling
rCold   . . .        (no shield)
rNeg    . . .        j - +0 ring mail
rPois   .            (helmet restricted)
rElec   .            (no cloak)
rCorr   .            (no gloves)
SInv    .            (no boots)
Will    .....        i - amulet of guardian spirit
Stlth   +            (no ring)
HPRegen 0.26/turn    (no ring)
MPRegen 0.09/turn

%: guardian spirit
@: no status effects
A: horns 2, retaliatory headbutt
a: no special abilities


You were on level 6 of the Dungeon.
You visited 1 branch of the dungeon, and saw 4 of its levels.

You collected 141 gold pieces.
You spent 54 gold pieces at shops.


Innate Abilities, Weirdness & Mutations

You have a pair of horns on your head.
You reflexively headbutt those who attack you in melee.


   Skills:
 - Level 2.0 Fighting
 + Level 4.0 Ranged Weapons
 - Level 2.7 Armour
 - Level 2.1 Dodging
 - Level 1.0 Spellcasting
 - Level 2.0 Hexes


You had 4 spell levels left.
You knew the following spells:

 Your Spells              Type           Power      Damage    Failure   Level
a - Slow                  Hex            16%        N/A       32%         1

Your spell library contained the following spells:

 Spells                   Type           Power      Damage    Failure   Level
 Inner Flame              Hex/Fire       2%         N/A       83%         3
 Portal Projectile        Hex/Tloc       4%         N/A       83%         3
 Cause Fear               Hex            2%         N/A       97%         4

Inventory:

Hand Weapons
 Y - a +1 sling (weapon)
Armour
 c - a +0 cloak
 j - a +0 ring mail (worn)
Jewellery
 i - an amulet of guardian spirit (around neck)
Wands
 g - a wand of digging (7)
Scrolls
 a - a scroll of identify
 b - 3 scrolls of enchant armour {unknown}
Potions
 e - a potion of brilliance {unknown}
 f - 3 potions of curing

Dungeon Overview and Level Annotations

Branches:
Dungeon (3/15)

Altars:

Shops:
D:1 (   D:6 *


Message History

Enter note:
Enter note: You shoot a sling bullet.
The sling bullet hits the steam dragon but does no damage.
The steam dragon breathes steam at you. The ball of steam hits you!
There is an open door here.
Enter note:
Enter note: You shoot a sling bullet.
The sling bullet barely misses the steam dragon.
You are engulfed in a cloud of scalding steam.
The steam dragon bites you.
The steam dragon claws you but does no damage.
The steam dragon misses you. x2
1783 ||| DRINKING potion of heal wounds.
You feel much better.
You are engulfed in a cloud of scalding steam.
A hound comes into view.
The steam dragon bites you but does no damage.
The steam dragon closely misses you.
You shoot a sling bullet.
The sling bullet barely misses the steam dragon.
You are engulfed in a cloud of scalding steam.
The steam dragon bites you! The steam dragon claws you.
You shoot a sling bullet.
The sling bullet closely misses the steam dragon.
You are engulfed in a cloud of scalding steam.
The steam dragon bites you but does no damage.
The steam dragon barely misses you.
You shoot a sling bullet.
The sling bullet hits the steam dragon but does no damage.
The hound bites you but does no damage.
The steam dragon bites you but does no damage.
The steam dragon closely misses you. The steam dragon bites you.
The steam dragon closely misses you. The hound misses you.
You shoot a sling bullet. The sling bullet hits the steam dragon.
The steam dragon is lightly wounded.
The hound bites you. The steam dragon bites you!
You die...

#.....#..##'#####........
#.....#..##.....#........
#.....##.##..##.#....####
#.......###.#...#....#
+........###....#....#
#.........\.....#....#
#........###(...######
#.......###>#...#
#.....##@########
#......Dh.# #.........#
#.........# #.........#
#.........# ..........
#####.....


You could see a steam dragon and a hound.

Vanquished Creatures
  A howler monkey (D:6)
  An adder (D:2)
  5 orcs (D:6)
  4 bats
  3 endoplasms
  A goblin (D:3)
  2 hobgoblins (D:2)
  4 jackals (D:1)
  A quokka (D:1)
  8 ball pythons
  A frilled lizard (D:1)
  2 kobolds
  4 rats (D:1)
37 creatures vanquished.

Notes
Turn   | Place    | Note
-------+----------+-------------------------------------------
     0 | D:1      | qw the Minotaur Hexslinger began the quest for the Orb.
     0 | D:1      | Reached XP level 1. HP: 16/16 MP: 1/1
     0 | D:1      | 0 ||| qw: Version: 0.3-a-40-ge99b1a8
     0 | D:1      | 0 ||| qw: Game counter: 8036
     0 | D:1      | 0 ||| qw: Melee chars always use a shield: true
     0 | D:1      | 0 ||| qw: God list: Okawaru
     0 | D:1      | 0 ||| qw: Allow faded altars: false
     0 | D:1      | 0 ||| qw: Do Orc after clearing Dungeon:15 true
     0 | D:1      | 0 ||| qw: Do second Lair branch before Depths: true
     0 | D:1      | 0 ||| qw: Lair rune preference: random
     0 | D:1      | 0 ||| qw: Goals: Normal
     0 | D:1      | 0 ||| PLANNING D:1-11
   371 | D:1      | Reached skill level 3 in Ranged Weapons
   545 | D:1      | Reached XP level 2. HP: 23/23 MP: 2/2
   569 | D:1      | Found Ishruhot's Weapon Emporium.
   574 | D:1      | 574 ||| SHOPLISTING +0 longbow (84 gold, have 31).
   811 | D:1      | 811 ||| UPGRADING to +0 ring mail.
   821 | D:1      | 821 ||| DROPPING +0 robe.
   822 | D:1      | 822 ||| UPGRADING to amulet of guardian spirit.
   827 | D:1      | 827 ||| READING scroll labelled CEOKADDU WEUSE.
   828 | D:1      | 828 ||| READING scroll labelled WEEPU LUFAJOU.
   829 | D:1      | 829 ||| READING scroll labelled LUNISK XUOHAY.
   830 | D:1      | 830 ||| DRINKING 3 coppery potions.
   831 | D:1      | 831 ||| DROPPING scroll of poison.
   988 | D:2      | Reached XP level 3. HP: 22/29 MP: 3/3
  1397 | D:2      | 1397 ||| READING scroll labelled DIOKYA BIDO.
  1400 | D:2      | 1400 ||| READING scroll labelled YVORUF POWENIP.
  1401 | D:2      | 1401 ||| READING scroll labelled VIRUFF FUEN.
  1402 | D:2      | 1402 ||| READING scroll labelled EPNOZOXZIE.
  1403 | D:2      | 1403 ||| READING 2 scrolls of identify.
  1403 | D:2      | 1403 ||| IDENTIFYING pink potion
  1456 | D:3      | You fall into a shaft and drop 3 floors!
  1469 | D:6      | Reached skill level 4 in Ranged Weapons
  1538 | D:6      | Reached XP level 4. HP: 20/36 MP: 4/4
  1635 | D:6      | Found Xiowyppu's Neck Hole.
  1639 | D:6      | 1639 ||| BUYING +0 cloak (54 gold).
  1639 | D:6      | Bought a +0 cloak for 54 gold pieces
  1639 | D:6      | 1639 ||| SHOPLISTING +1 cloak of Uskayaw's Delight {rN+}
                  | (248 gold, have 66).
  1779 | D:6      | Noticed a steam dragon
  1782 | D:6      | HP: 6/36 [steam dragon (4)]
  1783 | D:6      | 1783 ||| DRINKING potion of heal wounds.
  1787 | D:6      | HP: 1/36 [hound (3)]
  1787 | D:6      | Mangled by a steam dragon

Levels and vault maps discovered:
D:1:      eino_arrival_cavern_d, layout_basic, serial_shops, nicolae_square_shop
D:2:      layout_basic, guppyfry_early_lair_pool
D:3:      layout_loops_cross, mainiacjoe_overflow_small_starburst,
          hellmonk_ecumenical_altar_slurped_away, serial_shops,
          nicolae_shop_rolling_square
D:6:      layout_gridville, nicolae_ru_sacrificial_ziggurat,
          nicolae_shop_sticking_my_neck_out, uniq_crazy_yiuf_cottage

Skill      XL: |  1  2  3 |
---------------+----------+-----
Ranged Weapons | 3 4 |  4.0
Fighting       | 2 |  2.0
Armour         | 2 |  2.7
Dodging        | |  2.1
Spellcasting   | |  1.0
Hexes          | |  2.0

Action                     |  1- 3 |  4- 6 || total
---------------------------+-------+-------++-------
   Fire: Sling             |   112 |     6 ||   118
    Use: Scroll            |     8 |       ||     8
         Potion            |     1 |     1 ||     2
 Armour: Ring mail         |    17 |     7 ||    24
         Robe              |     2 |       ||     2
  Dodge: Dodged            |    54 |     7 ||    61

Table legend:
 A = Non-vault XP
 B = Vault XP
 C = Vault XP percentage of total XP
 D = Non-vault monster count
 E = Vault monster count
 F = Vault count percentage of total count
                 A         B        C        D         E       F
            +---------+---------+-------+---------+---------+-------
      Total |     128 |       0 |   0.0 |      37 |       0 |   0.0
            +---------+---------+-------+---------+---------+-------
        D:1 |      25 |       0 |   0.0 |      17 |       0 |   0.0
        D:2 |      31 |       0 |   0.0 |      13 |       0 |   0.0
        D:3 |       2 |       0 |   0.0 |       1 |       0 |   0.0
        D:6 |      70 |       0 |   0.0 |       6 |       0 |   0.0
            +---------+---------+-------+---------+---------+-------
